 Dungeon Crawl Stone Soup version 0.21-a0-450-gd87a9b2 (webtiles) character file.

5575 dududu the Covert (level 10, -2/74 HPs)
             Began as a Vampire Enchanter on Nov 18, 2017.
             Was a Believer of Kikubaaqudgha.
             Slain by Snorg (13 damage)
             ... on level 10 of the Dungeon on Nov 19, 2017.
             The game lasted 00:47:53 (10339 turns).

dududu the Covert (Vampire Enchanter)              Turns: 10339, Time: 00:47:54

Health: -2/74      AC:  4    Str:  7    XL:     10   Next: 44%
Magic:  9/17       EV: 14    Int: 26    God:    Kikubaaqudgha [**....]
Gold:   456        SH:  0    Dex: 15    Spells: 7/19 levels left

rFire    . . .     SeeInvis +   a - +2 dagger
rCold    + . .     Gourm    .   (no shield)
rNeg     + + .     Faith    .   v - +0 robe
rPois    +         Spirit   .   (no helmet)
rElec    .         Reflect  .   (no cloak)
rCorr    .         Harm     .   D - +0 pair of gloves (curse)
MR       +....                  k - +0 pair of boots
Stlth    ++++++....             (no amulet)
HPRegen  0.11/turn              G - +5 ring of intelligence
MPRegen  0.15/turn              (no ring)

@: regenerating slowly
A: fangs 3, see invisible, unbreathing
a: Bat Form, Receive Corpses, Renounce Religion


You were on level 10 of the Dungeon.
You worshipped Kikubaaqudgha.
Kikubaaqudgha was pleased with you.
You were thirsty.

You visited 1 branch of the dungeon, and saw 10 of its levels.

You collected 456 gold pieces.

Inventory:

Hand Weapons
 a - a +2 dagger (weapon)
 b - a +0 blowgun
 x - a +2 shortbow of freezing
Missiles
 e - 173 arrows
 p - a throwing net
 r - 5 javelins (quivered)
 w - 32 poisoned needles
Armour
 j - a +0 shield
 k - a +0 pair of boots (worn)
 v - a +0 robe (worn)
 D - a cursed +0 pair of gloves (worn)
Magical Staves
 C - an uncursed staff of power
Jewellery
 G - a +5 ring of intelligence (left hand)
Wands
 n - a wand of paralysis (13/24)
 A - a wand of polymorph (15/24)
Scrolls
 o - 3 scrolls of teleportation
 y - a scroll of noise {unknown}
 E - 3 scrolls of identify
 H - a scroll of remove curse
Potions
 d - 14 potions of blood
 f - 5 potions of brilliance
 g - 3 potions of haste
 h - a potion of berserk rage
 l - a potion of heal wounds
 m - a potion of curing
 q - a potion of might
 s - 2 potions of magic
 t - a potion of lignification
 u - a potion of mutation
 z - a potion of agility
 B - a potion of cancellation
Books
 c - a book of Maledictions

   Spells                             Type                      Level
   a - Corona                         Hexes                        1
   b - Ensorcelled Hibernation        Hexes/Ice                    2
   c - Confuse                        Hexes                        3
   d - Tukima's Dance                 Hexes                        3
   e - Dazzling Spray                 Conjuration/Hexes            3
 i - a book of Flames

   Spells                             Type                      Level
   a - Flame Tongue                   Conjuration/Fire             1
   b - Throw Flame                    Conjuration/Fire             2
   c - Conjure Flame                  Conjuration/Fire             3
   d - Inner Flame                    Hexes/Fire                   3
   e - Sticky Flame                   Conjuration/Fire             4
   f - Fireball                       Conjuration/Fire             5
 F - a book of Changes

   Spells                             Type                      Level
   a - Beastly Appendage              Transmutation                1
   b - Sticks to Snakes               Transmutation                2
   c - Spider Form                    Transmutation/Poison         3
   d - Ice Form                       Ice/Transmutation            4
   e - Blade Hands                    Transmutation                5
 I - Kikubaaqudgha's Disquisition on Dark Magic
   (Kikubaaqudgha gifted it to you on level 8 of the Dungeon)

   Spells                             Type                      Level
   a - Animate Skeleton               Necromancy                   1
   b - Corpse Rot                     Necromancy                   2
   c - Sublimation of Blood           Necromancy                   2
   d - Vampiric Draining              Necromancy                   3
   e - Control Undead                 Necromancy                   4


   Skills:
 - Level 5.4 Fighting
 + Level 8.9 Short Blades
 + Level 3.6 Dodging
 * Level 13.2 Stealth
 - Level 5.1 Spellcasting
 - Level 7.1 Hexes
 + Level 4.3 Necromancy
 - Level 2.2 Ice Magic


You had 7 spell levels left.
You knew the following spells:

 Your Spells              Type           Power        Failure   Level  Hunger
a - Corona                Hex            #####..      1%          1    None
b - Ensorcelled Hibernat  Hex/Ice        ####..       1%          2    None
c - Confuse               Hex            #####...     1%          3    #......
d - Sticks to Snakes      Tmut           #.......     12%         2    None
e - Animate Skeleton      Necr           N/A          1%          1    None
f - Vampiric Draining     Necr           ####......   3%          3    #......


Dungeon Overview and Level Annotations

Branches:
Dungeon (10/15)            Temple (0/1) D:7
   Lair: D:8-11         Orc: D:9-12

Altars:
Ashenzari
Elyvilon
Fedhas
Gozag
Hepliaklqana
Kikubaaqudgha
Makhleb
Qazlal
Sif Muna
Trog
Vehumet
Wu Jian
Yredelemnul
The Shining One

Annotations:
D:5 exclusion: oklob plant
D:6 dududu's ghost, novice BaSk
D:10 Rhok's ghost, journeyman OpFi; Snorg


Innate Abilities, Weirdness & Mutations

You heal slowly.
You have razor-sharp teeth.
You have supernaturally acute eyesight. (SInv)
You can survive without breathing.


Message History

Aim: Snorg (almost dead, chance to defeat MR: 34%) Snorg easily resists.
Snorg goes berserk!
Evoke which item? (* to show all) (? for menu, Esc to quit)
Okay, then.
Unknown command.
Casting: Confuse
Confirm with . or Enter, or press ? or * to list all spells.
Aiming: Vampiric Draining
Press: ? - help, Shift-Dir - straight line, f/p - Snorg
Aim: Snorg (almost dead, berserk, fast, unusually strong) Nothing appears to happen.
Snorg bites you!! Snorg claws you! x2
* * * LOW HITPOINT WARNING * * *
Snorg bites you!
* * * LOW HITPOINT WARNING * * *
Snorg barely misses you. Snorg misses you.
Casting: Vampiric Draining
Confirm with . or Enter, or press ? or * to list all spells.
You create a snake!
You now have 173 arrows.
Snorg bites you!
You die...
Kikubaaqudgha rasps: "You have failed me!
Welcome... oblivion!"

....... ....... ........#
#(...... #.......#
#.......
.......#######......
#................#
#................#
#................#
#.............S..#
#.....#######@...#
#.....# #T...# #.....#
#....# ..#.....# #....#
..'.....#######...##
..................#
#.#.#.#.#.#.#.#...######
.#.#.......#...........#
.#.#.#...#.#.#..#####.###


You could see Snorg (berserk) and a friendly ball python.

Vanquished Creatures
  A two-headed ogre (D:8)
  A centaur warrior (D:9)
  An ugly thing (D:9)
  A troll (D:9)
  Prince Ribbit (D:8)
  2 hippogriffs
  Sigmund (D:6)
  Eustachio (D:6)
  4 yaks (D:9)
  Edmund (D:6)
  2 sky beasts
  A black bear (D:9)
  2 necrophages
  4 ogres
  A crocodile (D:9)
  A big kobold (D:8)
  5 bullfrogs
  A scorpion (D:8)
  A water moccasin skeleton (D:4)
  3 howler monkeys
  3 crimson imps
  6 hounds
  2 jellies
  3 orc priests
  An orc wizard (D:5)
  2 bullfrog skeletons
  An iguana (D:7)
  3 worker ants
  A hound skeleton (D:8)
  4 gnolls (D:7)
  A worker ant zombie (D:9)
  3 adders
  3 shadow imps
  2 oozes
  An adder zombie (D:9)
  An adder skeleton (D:6)
  3 worms
  4 dart slugs
  9 leopard geckos
  15 orcs
  4 giant cockroaches
  10 hobgoblins
  4 jackals (D:2)
  A quokka (D:5)
  A ball python (D:2)
  2 bats
  A giant cockroach zombie (D:6)
  9 goblins
  9 kobolds
  A quokka skeleton (D:5)
  10 rats
155 creatures vanquished.

Vanquished Creatures (collateral kills)
  A hound (D:8)
1 creature vanquished.

Grand Total: 156 creatures vanquished

Notes
Turn   | Place    | Note
-------+----------+-------------------------------------------
     0 | D:1      | dududu the Vampire Enchanter began the quest for the Orb.
     0 | D:1      | Reached XP level 1. HP: 13/13 MP: 3/3
   469 | D:1      | Reached XP level 2. HP: 9/19 MP: 1/5
   473 | D:1      | Learned a level 2 spell: Ensorcelled Hibernation
   833 | D:1      | Reached skill level 5 in Hexes
  1228 | D:1      | Reached XP level 3. HP: 24/24 MP: 1/6
  1410 | D:1      | Learned a level 3 spell: Confuse
  1652 | D:2      | Reached skill level 5 in Stealth
  1880 | D:2      | Reached XP level 4. HP: 31/31 MP: 4/7
  3940 | D:3      | Reached skill level 1 in Fighting
  4047 | D:3      | Reached XP level 5. HP: 37/37 MP: 5/8
  4416 | D:4      | Reached XP level 6. HP: 43/43 MP: 10/10
  4932 | D:4      | Reached skill level 6 in Stealth
  5187 | D:5      | Entered Level 5 of the Dungeon
  5399 | D:5      | Found a blossoming altar of Fedhas.
  5944 | D:5      | Reached skill level 1 in Ice Magic
  6025 | D:5      | Reached XP level 7. HP: 49/50 MP: 5/12
  6400 | D:5      | Noticed an oklob plant
  6542 | D:6      | Reached skill level 5 in Short Blades
  6624 | D:6      | Found a shattered altar of Ashenzari.
  6624 | D:6      | Found a glowing golden altar of the Shining One.
  6626 | D:6      | Found an opulent altar of Gozag.
  6626 | D:6      | Found a burning altar of Makhleb.
  6626 | D:6      | Found a deep blue altar of Sif Muna.
  6626 | D:6      | Found an ornate altar of the Wu Jian Council.
  6626 | D:6      | Found a stormy altar of Qazlal.
  6627 | D:6      | Found an ancient bone altar of Kikubaaqudgha.
  6636 | D:6      | Became a worshipper of Kikubaaqudgha
  6708 | D:6      | Noticed Edmund
  6711 | D:6      | Killed Edmund
  6711 | D:6      | Reached skill level 7 in Stealth
  6914 | D:6      | Noticed dududu's ghost (novice BaSk)
  6955 | D:6      | Reached XP level 8. HP: 57/57 MP: 13/13
  6957 | D:6      | Noticed a hippogriff
  6968 | D:6      | Killed a hippogriff
  7000 | D:6      | Noticed Eustachio
  7003 | D:6      | Noticed Sigmund
  7008 | D:6      | Killed Sigmund
  7014 | D:6      | Killed Eustachio
  7014 | D:6      | Reached skill level 8 in Stealth
  7341 | D:7      | Learned a level 2 spell: Sticks to Snakes
  7557 | D:7      | Found a staircase to the Ecumenical Temple.
  7830 | D:8      | Noticed Prince Ribbit
  7845 | D:8      | Noticed a two-headed ogre
  7849 | D:8      | Killed Prince Ribbit
  7866 | D:8      | Killed a two-headed ogre
  7866 | D:8      | Reached skill level 9 in Stealth
  7866 | D:8      | Reached skill level 5 in Spellcasting
  7866 | D:8      | Reached XP level 9. HP: 49/65 MP: 5/16
  7883 | D:8      | Reached skill level 10 in Stealth
  8131 | D:8      | Reached * piety under Kikubaaqudgha
  8131 | D:8      | Identified Kikubaaqudgha's Disquisition on Dark Magic (Kikubaaqudgha gifted it to you on level 8 of the Dungeon)
  8131 | D:8      | Received a gift from Kikubaaqudgha
  8135 | D:8      | Learned a level 1 spell: Animate Skeleton
  8240 | D:8      | Reached skill level 1 in Necromancy
  8350 | D:8      | Found a basalt altar of Yredelemnul.
  8414 | D:8      | Found a white marble altar of Elyvilon.
  8786 | D:9      | Learned a level 3 spell: Vampiric Draining
  8875 | D:9      | Noticed a centaur warrior
  9128 | D:9      | Reached skill level 11 in Stealth
  9167 | D:9      | Found a hazy altar of Hepliaklqana.
  9364 | D:9      | Noticed a cyan ugly thing
  9366 | D:9      | Killed a cyan ugly thing
  9366 | D:9      | Reached skill level 5 in Fighting
  9498 | D:9      | Reached skill level 12 in Stealth
  9535 | D:9      | Reached XP level 10. HP: 74/74 MP: 2/17
  9655 | D:9      | Found a radiant altar of Vehumet.
  9658 | D:9      | Found a bloodstained altar of Trog.
 10061 | D:9      | Killed a centaur warrior
 10061 | D:9      | Reached ** piety under Kikubaaqudgha
 10061 | D:9      | Reached skill level 13 in Stealth
 10136 | D:10     | Entered Level 10 of the Dungeon
 10261 | D:10     | Noticed Rhok's ghost (journeyman OpFi)
 10294 | D:10     | Noticed Snorg
 10339 | D:10     | Slain by Snorg

Vault maps used:
D:1:      ncdulo_smallfort, lemuel_flame_loot_1
D:2:      minmay_misc_feat_pillars
D:4:      first_bread
D:5:      tgw_fedhas
D:6:      grunt_temple_overflow_open, uniq_eustachio, uniq_sigmund, uniq_edmund
D:7:      minmay_temple_entry_fiery
D:8:      kennysheep_ying_yang, uniq_prince_ribbit1
D:9:      chequers_temple_overflow_statue_of_worship, marbit_many_paths,
          grunt_ogre_cave
D:10:     hangedman_decor_riveting, uniq_snorg

Skill      XL: |  1  2  3  4  5  6  7  8  9 10 |
---------------+-------------------------------+-----
Hexes          | 5 6 7 |  7.1
Stealth        | 5 6 7 9 12 13 | 13.2
Short Blades   | 2 3 4 5 7 8 |  8.9
Fighting       | 1 2 4 5 |  5.4
Spellcasting   | 3 5 |  5.1
Ice Magic      | 1 2 |  2.2
Necromancy     | 3 4 |  4.3
Dodging        | 3 |  3.6

Action                   |  1- 3 |  4- 6 |  7- 9 | 10-12 || total
-------------------------+-------+-------+-------+-------++-------
Melee: Dagger            |    85 |   130 |   132 |    40 ||   387
       Bite              |     4 |     6 |    10 |     2 ||    22
 Fire: Blowgun           |       |     4 |       |       ||     4
Throw: Stone             |     1 |     3 |       |       ||     4
       Javelin           |       |       |     2 |     1 ||     3
 Cast: Corona            |     7 |       |       |       ||     7
       Ensorcelled Hiber |    27 |    32 |    30 |    19 ||   108
       Confuse           |       |     5 |    14 |     4 ||    23
       Sticks to Snakes  |       |       |     2 |     1 ||     3
       Animate Skeleton  |       |       |       |     2 ||     2
       Vampiric Draining |       |       |       |     1 ||     1
 Abil: End Transformatio |       |     1 |       |       ||     1
       Bat Form          |       |     1 |       |       ||     1
  Use: Potion            |       |     6 |     2 |       ||     8
       Scroll            |       |    12 |     8 |       ||    20
 Stab: Sleeping          |    32 |    34 |    42 |    15 ||   123
       Confused          |       |     1 |     7 |     5 ||    13
       Distracted        |       |     1 |       |       ||     1
  Eat: Corpse            |       |       |       |     1 ||     1
Armor: Robe              |    10 |    16 |    10 |     3 ||    39
Dodge: Dodged            |    28 |    68 |    34 |    27 ||   157

Table legend:
 A = Spawn XP
 B = Non-spawn XP
 C = Spawn XP percentage of total XP
 D = Spawn monster count
 E = Non-spawn monster count
 F = Spawn count percentage of total count
 G = Total turns spent on level
                    A         B        C        D         E        F      G
               +---------+---------+-------+---------+---------+-------+---------
         Total |       0 |    7965 |   0.0 |       0 |     156 |   0.0 | 10339
               +---------+---------+-------+---------+---------+-------+---------
           D:1 |       0 |      46 |   0.0 |       0 |      24 |   0.0 |  1469
           D:2 |       0 |      77 |   0.0 |       0 |      24 |   0.0 |  1823
           D:3 |       0 |     138 |   0.0 |       0 |      20 |   0.0 |  1006
           D:4 |       0 |     162 |   0.0 |       0 |       4 |   0.0 |   889
           D:5 |       0 |     387 |   0.0 |       0 |      14 |   0.0 |  1308
           D:6 |       0 |    1353 |   0.0 |       0 |      14 |   0.0 |   758
           D:7 |       0 |     151 |   0.0 |       0 |       7 |   0.0 |   815
           D:8 |       0 |    1862 |   0.0 |       0 |      17 |   0.0 |   945
           D:9 |       0 |    3400 |   0.0 |       0 |      27 |   0.0 |  1123
          D:10 |       0 |     389 |   0.0 |       0 |       5 |   0.0 |   203
               +---------+---------+-------+---------+---------+-------+---------
